 Dungeon Crawl Stone Soup version 0.29.0-4-gdea44cf6ec (webtiles) character file.

Game seed: 11485017066001132733

25 qw the Shield-Bearer (level 3, -2/23 HPs)
             Began as a Gargoyle Fighter on Sept 9, 2022.
             Slain by Terence
             ... wielding a +0 mace of holy wrath
              (4 damage)
             ... on level 2 of the Dungeon.
             The game lasted 00:00:24 (989 turns).

qw the Shield-Bearer (Gargoyle Fighter)              Turns: 989, Time: 00:00:25

Health: -2/23      AC: 11    Str: 21    XL:     3   Next: 6%
Magic:  3/3        EV:  9    Int:  8    God:
Gold:   50         SH:  5    Dex: 15    Spells: 2/2 levels left

rFire   . . .      SeeInvis .   Y - +0 war axe
rCold   . . .      Faith    .   c - +0 buckler
rNeg    + . .      Spirit   .   b - +0 scale mail
rPois   inf        Reflect  .   (no helmet)
rElec   +          Harm     .   l - +0 cloak
rCorr   .          Rampage  .   (no gloves)
Will    .....                   (no boots)
Stlth   ..........              (no amulet)
HPRegen 0.07/turn               m - +6 ring of dexterity
MPRegen 0.08/turn               (no ring)

@: no status effects
A: sickness immunity, AC +3, negative energy resistance 1, electricity
resistance, torment resistance 1, petrification resistance
a: no special abilities


You were on level 2 of the Dungeon.
You visited 1 branch of the dungeon, and saw 2 of its levels.

You collected 50 gold pieces.


Innate Abilities, Weirdness & Mutations

You are immune to sickness and miasma.
Your stone body is resilient. (AC +3)
You are immune to poison.
You resist negative energy. (rN+)
You are resistant to electric shocks. (rElec)
You are resistant to unholy torment.
You are immune to petrification.


   Skills:
 - Level 3.2 Fighting
 - Level 3.1 Axes
 - Level 3.2 Armour
 + Level 0.0 Dodging
 - Level 3.2 Shields


You had 2 spell levels left.
You didn't know any spells.
Your spell library was empty.

Inventory:

Hand Weapons
 k - a +0 flail
 Y - a +0 war axe (weapon)
Armour
 b - a +0 scale mail (worn)
 c - a +0 buckler (worn)
 l - a +0 cloak (worn)
Jewellery
 m - a +6 ring of dexterity (left hand)
Potions
 d - a potion of might
 f - a potion of haste {unknown}
 g - a potion of heal wounds {unknown}

Dungeon Overview and Level Annotations

Branches:
Dungeon (2/15)

Altars:

Annotations:
D:2 Terence


Message History

HP restored.
Done exploring.
833 ||| READING scroll labelled ZOOQUT BEOTOV.
As you read the scroll labelled ZOOQUT BEOTOV, it crumbles to dust.
A profound silence engulfs you.
It was a scroll of silence.
You start waiting.
Your hearing returns.
Done waiting.
Done exploring.
(D) Dungeon
Where to? (* - list waypoints, ? - help)
What level of the Dungeon? (default 1, ? - help)
There is a staircase leading out of the dungeon here.
You enter the shallow water.
Moving in this stuff is going to be slow.
There is a stone staircase leading down here.
You climb downwards.
There is a stone staircase leading up here.
Existing waypoints: (2) D:1 Assign waypoint to what number? (0-9, D - delete waypoint) Waypoint 1 assigned to D:2.
Terence the Incautious comes into view.
He is wielding a +0 mace of holy wrath, wearing a +3 chain mail of cold resistance and carrying a wand of flame (11).
982 ||| Stepping ~*~*~tactically~*~*~ (hiding).
You start waiting.
Terence is nearby!
You hit Terence.
Terence is moderately wounded.
Terence zaps a wand.
The puff of flame hits you.
You hit Terence but do no damage.
Terence is moderately wounded.
Terence zaps a wand.
The puff of flame hits you!
You hit Terence.
Terence is moderately wounded.
Terence hits you with a +0 mace of holy wrath.
You block Terence's attack.
You barely miss Terence.
Terence is moderately wounded.
Terence hits you with a +0 mace of holy wrath.
You die...

## #...# ..
+...# #. #...#
.
#.##...####..
#............
#............
#.....@....#
#....@########
####..<.......
#..########
#..# #..# ...#
..... ###.##
#.#


You could see Terence.

Vanquished Creatures
  5 bats (D:1)
  2 endoplasms (D:1)
  A giant cockroach (D:1)
  4 hobgoblins (D:1)
  2 jackals (D:1)
  A ball python (D:1)
  2 frilled lizards (D:1)
  2 goblins (D:1)
  2 kobolds (D:1)
  3 rats (D:1)
24 creatures vanquished.

Notes
Turn   | Place    | Note
-------+----------+-------------------------------------------
     0 | D:1      | qw the Gargoyle Fighter began the quest for the Orb.
     0 | D:1      | Reached XP level 1. HP: 14/14 MP: 1/1
     0 | D:1      | 0 ||| qw: Version: 0.1-a-113-g051387a
     0 | D:1      | 0 ||| qw: Game counter: 7356
     0 | D:1      | 0 ||| qw: Always use a shield: true
     0 | D:1      | 0 ||| qw: God list: Okawaru
     0 | D:1      | 0 ||| qw: Allow faded altars: false
     0 | D:1      | 0 ||| qw: Do Orc after D:15 true
     0 | D:1      | 0 ||| qw: Do second Lair branch before Depths: true
     0 | D:1      | 0 ||| qw: Lair rune preference: random
     0 | D:1      | 0 ||| qw: Plans: Normal, Zot, God:TSO, Crypt, Tomb, Zig,
                  | Orb
     0 | D:1      | 0 ||| PLANNING D:1-11
   226 | D:1      | Reached XP level 2. HP: 19/19 MP: 2/2
   371 | D:1      | 371 ||| DROPPING +0 club.
   482 | D:1      | Reached skill level 3 in Axes
   634 | D:1      | Reached XP level 3. HP: 23/23 MP: 3/3
   781 | D:1      | 781 ||| UPGRADING to +0 cloak.
   786 | D:1      | 786 ||| DROPPING +6 ring of intelligence.
   787 | D:1      | 787 ||| UPGRADING to +6 ring of dexterity.
   788 | D:1      | 788 ||| READING scroll labelled ZEGOIKH OTHO.
   789 | D:1      | 789 ||| READING scroll labelled CUIKYUWNEU.
   833 | D:1      | 833 ||| READING scroll labelled ZOOQUT BEOTOV.
   981 | D:2      | Noticed Terence
   982 | D:2      | 982 ||| Stepping ~*~*~tactically~*~*~ (hiding).
   988 | D:2      | HP: 2/23 [Terence/+0 mace of holy wrath (6)]
   989 | D:2      | Slain by Terence

Levels and vault maps discovered:
D:1:      dpeg_arrival_shrine, layout_basic
D:2:      minmay_kobold_bridge, layout_basic, serial_shops, shop, basic_altar,
          nicolae_ecumenical_snake_handling, uniq_terence

Skill      XL: |  1  2 |
---------------+-------+-----
Axes           | 2 3 |  3.1
Fighting       | |  3.2
Armour         | |  3.2
Shields        | |  3.2

Action                   || total
-------------------------++-------
Melee: War axe           ||    61
  Use: Scroll            ||     3
Armor: Scale mail        ||    30
Dodge: Dodged            ||    22
Block: Buckler           ||    14

Table legend:
 A = Non-vault XP
 B = Vault XP
 C = Vault XP percentage of total XP
 D = Non-vault monster count
 E = Vault monster count
 F = Vault count percentage of total count
                 A         B        C        D         E       F
            +---------+---------+-------+---------+---------+-------
      Total |      37 |       0 |   0.0 |      24 |       0 |   0.0
            +---------+---------+-------+---------+---------+-------
        D:1 |      37 |       0 |   0.0 |      24 |       0 |   0.0
            +---------+---------+-------+---------+---------+-------
